 Dungeon Sprint DCSS version 0.21-a0-72-gbbb65ab (webtiles) character file.

2 Kidiri the Ruffian (level 1, -7/24 HPs)
             Began as a Draconian Transmuter on June 20, 2017.
             Was an Initiate of Wu Jian.
             Mangled by a gnoll
             ... wielding a +0 halberd
              (12 damage)
             ... in the Dungeon (Sprint VII: "The Pits").
             The game lasted 00:00:47 (89 turns).

Kidiri the Ruffian (Draconian Transmuter)             Turns: 89, Time: 00:00:49

Health: -7/24      AC:  4    Str: 17    XL:     1   Next: 25%
Magic:  2/3        EV: 12    Int: 13    God:    Wu Jian [......]
Gold:   0          SH:  0    Dex: 11    Spells: 3/4 levels left

rFire    . . .     SeeInvis .     - Unarmed
rCold    . . .     Gourm    .   (no shield)
rNeg     . . .     Faith    .   (armour unavailable)
rPois    .         Spirit   .   (helmet restricted)
rElec    .         Reflect  .   (no cloak)
rCorr    .         Harm     .   (no gloves)
MR       .....     NoTele   +   (boots currently unavailable)
Stlth    ..........             (no amulet)
HPRegen  0.08/turn              (no ring)
MPRegen  0.08/turn              (no ring)

@: berserking (expiring), appendage (expiring), very quick
A: unfitting armour, talons 3, cold-blooded, AC +4
a: End Transformation, Renounce Religion


You were in the Dungeon.
You worshipped Wu Jian.
Wu Jian was noncommittal.
You were not hungry.
You had grown temporary talons.
You visited 1 branch

Inventory:

Missiles
 a - 12 arrows
Scrolls
 i - a scroll of blinking
 k - 3 scrolls of remove curse
 l - 5 scrolls of amnesia
 m - a scroll of summoning
Potions
 d - a potion of curing
 f - a potion of haste
 g - 4 potions of magic
 h - 2 potions of berserk rage
 j - 2 potions of invisibility
Books
 b - a book of Changes

   Spells                             Type                      Level
   a - Beastly Appendage              Transmutation                1
   b - Sticks to Snakes               Transmutation                2
   c - Spider Form                    Transmutation/Poison         3
   d - Ice Form                       Ice/Transmutation            4
   e - Blade Hands                    Transmutation                5
Comestibles
 c - 8 bread rations
 n - 40 fruits
 o - 7 meat rations


   Skills:
 * Level 1.3 Fighting
 * Level 1.9 Dodging
 * Level 0.8 Stealth
 * Level 3.2 Unarmed Combat
 * Level 2.1 Spellcasting
 * Level 2.2 Transmutations


You had 3 spell levels left.
You knew the following spells:

 Your Spells              Type           Power        Failure   Level  Hunger
a - Beastly Appendage     Tmut           #.....       10%         1    ##.....


Dungeon Overview and Level Annotations

Branches:
Dungeon (1/1)

Altars:
Ashenzari
Cheibriados
Dithmenos
Elyvilon
Fedhas
Gozag
Hepliaklqana
Kikubaaqudgha
Makhleb
Nemelex Xobeh
Okawaru
Qazlal
Ru
Sif Muna
Trog
Uskayaw
Vehumet
Wu Jian
Xom
Yredelemnul
Zin
The Shining One
Beogh
Jiyva
Lugonu


Innate Abilities, Weirdness & Mutations

Your plain brown scales are hard. (AC +4)
You cannot fit into any form of body armour.
You are cold-blooded and may be slowed by cold attacks.
You have claws for feet.


Message History

Unknown command.
You feel much better. The quokka skeleton barely misses you.
The gnoll hits you but does no damage.
A red film seems to cover your vision as you go berserk!
You feel yourself moving faster!
You feel mighty!
The quokka skeleton completely misses you.
The gnoll barely misses you.
You punch the quokka skeleton!
You destroy the quokka skeleton!
The Council accepts your kill. The gnoll hits you with a halberd!!
Ouch! That really hurt!
* * * LOW HITPOINT WARNING * * *
You hit the gnoll.
The gnoll is moderately wounded.
You completely miss the gnoll.
The gnoll is moderately wounded.
The gnoll hits you with a halberd!
Ouch! That really hurt!
You die...

############
#_________.#
#_________.#
#_______...###########++
##########+##...........
#.?(.+)))+.##......#..#.
##########.##...........
#.......g@..'...........
#+#####'#####......#..#.
#..# #........... +..#
####+#####++ ####
#.......# #.......#
#.......# #...<...#
#.......#


You could see a gnoll.

Vanquished Creatures
  A goblin (D)
  A quokka skeleton (D)
2 creatures vanquished.

Notes
Turn   | Place    | Note
-------+----------+-------------------------------------------
     0 | D        | Kidiri the Draconian Transmuter began the quest for the Orb.
     0 | D        | Reached XP level 1. HP: 16/16 MP: 3/3
    52 | D        | Found a bloodstained altar of Trog.
    52 | D        | Found a deep blue altar of Sif Muna.
    52 | D        | Found a viscous altar of Jiyva.
    52 | D        | Found a hazy altar of Hepliaklqana.
    52 | D        | Found an opulent altar of Gozag.
    53 | D        | Found a glowing golden altar of the Shining One.
    53 | D        | Found a glowing silver altar of Zin.
    53 | D        | Found a basalt altar of Yredelemnul.
    53 | D        | Found a shimmering altar of Xom.
    53 | D        | Found an ornate altar of the Wu Jian Council.
    53 | D        | Found a sacrificial altar of Ru.
    53 | D        | Found a stormy altar of Qazlal.
    53 | D        | Found an iron altar of Okawaru.
    53 | D        | Found a sparkling altar of Nemelex Xobeh.
    53 | D        | Found a burning altar of Makhleb.
    53 | D        | Found a blossoming altar of Fedhas.
    53 | D        | Found a white marble altar of Elyvilon.
    53 | D        | Found a shadowy altar of Dithmenos.
    53 | D        | Found a snail-covered altar of Cheibriados.
    55 | D        | Found a radiant altar of Vehumet.
    55 | D        | Found a corrupted altar of Lugonu.
    55 | D        | Found a roughly hewn altar of Beogh.
    56 | D        | Found a hide-covered altar of Uskayaw.
    56 | D        | Found an ancient bone altar of Kikubaaqudgha.
    56 | D        | Found a shattered altar of Ashenzari.
    62 | D        | Became a worshipper of the Wu Jian Council
    89 | D        | Mangled by a gnoll

Vault maps used:
D:        pitsprint

Action                   || total
-------------------------++-------
Melee: Unarmed           ||    10
       Headbutt          ||     1
       Punch             ||     1
 Cast: Beastly Appendage ||     2
  Use: Potion            ||     2
Armor: Skin              ||     2
Dodge: Dodged            ||     8
